Avalanche vs RedWings

Created - January 20 2011 at 17:47

Goals
1 2 3 T
Avalanche 0 1 2 3
RedWings 1 0 0 1
Shots
1 2 3 T
Avalanche 6 10 16 32
RedWings 8 4 10 22

Period #1

1. RedWings , Niclas Bergfors 5 (Marty Reasoner, Brendan Witt) at 14:38

Penalties :
Colin White (DET) for Hooking (Minor) at 0:17, Marcel Goc (COL) for Hooking (Minor) at 2:31, Carl Gunnarsson (COL) for Holding (Minor) at 8:41, Matt Moulson (DET) for Holding (Minor) at 9:18, Dustin Penner (COL) for Cross-checking (Minor) at 17:42

Period #2

2. Avalanche , T.J. Galiardi 8 (Mike Knuble, Kevin Klein) at 0:32

Penalties :
Ryan Getzlaf (DET) for Hooking (Minor) at 6:34, Sheldon Souray (COL) for Roughing (Minor) at 11:12, Zach Parise (DET) for Holding (Minor) at 17:24

Period #3

3. Avalanche , Wojtek Wolski 10 (Tyler Bozak, Carl Gunnarsson) at 1:06 (PP)
4. Avalanche , Mike Knuble 19 (Tyler Bozak, Wojtek Wolski) at 16:24 (PP)

Penalties :
Ryan Getzlaf (DET) for Slashing (Minor) at 0:47, T.J. Oshie (COL) for Hooking (Minor) at 2:16, Kevin Klein (COL) for Holding (Minor) at 4:16, Colin White (DET) for Holding (Minor) at 8:24, Keith Yandle (DET) for Interference (Minor) at 15:56

Goalie Stats

Antti Niemi (COL), 21 saves from 22 shots - (0.955), W, 14-9-2, 60:00 minutes
Craig Anderson (DET), 29 saves from 32 shots - (0.906), L, 29-15-4, 60:00 minutes

Players Stats

Avalanche
Player Name              G  A  P  +/- PIM S  H  SB FO    MP 
------------------------------------------------------------
Brian Gionta             0  0  0  -1  0   2  1  0  1/3   19 
Carl Gunnarsson          0  1  1  -1  2   0  2  0  0/0   22 
Dustin Penner            0  0  0   1  2   5  2  0  1/2   18 
Joe Corvo                0  0  0  -1  0   1  1  0  0/0   22 
Kevin Klein              0  1  1   1  2   1  0  1  0/0   17 
Kris Versteeg            0  0  0   0  0   0  0  0  0/0   9  
Kyle Quincey             0  0  0   1  0   2  0  1  0/0   23 
Marcel Goc               0  0  0   0  2   0  0  0  1/3   9  
Mike Knuble              1  1  2   1  0   3  2  0  0/2   18 
Sheldon Souray           0  0  0   0  2   1  0  1  0/0   16 
T.J. Galiardi            1  0  1   1  0   2  0  0  6/11  14 
T.J. Oshie               0  0  0   0  2   3  1  1  0/1   14 
Todd White               0  0  0   0  0   1  0  0  1/1   7  
Troy Brouwer             0  0  0   0  0   2  0  0  2/5   14 
Tyler Bozak              0  2  2   0  0   1  0  1  9/17  14 
Vaclav Prospal           0  0  0  -1  0   4  1  0  16/29 17 
Wade Redden              0  0  0   0  0   0  2  0  0/0   18 
Wojtek Wolski            1  1  2  -1  0   4  0  0  0/0   17 
RedWings
Player Name              G  A  P  +/- PIM S  H  SB FO    MP 
------------------------------------------------------------
Brendan Witt             0  1  1   1  0   1  5  0  0/0   14 
Brett Clark              0  0  0   0  0   2  1  1  0/0   21 
Brian Campbell           0  0  0  -1  0   1  2  0  0/0   22 
Colin White              0  0  0   0  4   0  4  0  0/0   18 
Jean-Pierre Dumont       0  0  0   0  0   0  1  0  1/1   17 
Keith Yandle             0  0  0  -1  2   1  0  1  0/0   22 
Kris Draper              0  0  0   0  0   0  1  1  0/1   12 
Marty Reasoner           0  1  1   1  0   1  0  0  12/17 14 
Matt Moulson             0  0  0   1  2   1  0  0  0/0   9  
Mike Cammalleri          0  0  0  -1  0   3  0  0  1/2   19 
Nate Thompson            0  0  0   0  0   0  2  1  6/14  9  
Niclas Bergfors          1  0  1   1  0   2  0  0  0/0   8  
Paul Martin              0  0  0   1  0   1  1  1  0/0   20 
Pavol Demitra            0  0  0   0  0   1  0  1  0/0   8  
Ray Whitney              0  0  0   0  0   2  1  0  1/3   18 
Ryan Getzlaf             0  0  0  -1  4   1  1  0  6/17  19 
Travis Zajac             0  0  0   0  0   2  2  0  8/14  19 
Zach Parise              0  0  0  -1  2   3  0  1  2/5   21 

3 Stars

1 - Mike Knuble (COL)
2 - Antti Niemi (COL)
3 - Brendan Witt (DET)

Power Play

Avalanche - 2 on 7 Attempt(s) - 28.57%
RedWings - 0 on 6 Attempt(s) - 0.00%

Penalty Kill

Avalanche - 6 on 6 Attempt(s) - 100.00% - Score 0 goal in Penalty Kill
RedWings - 5 on 7 Attempt(s) - 71.43% - Score 0 goal in Penalty Kill

Game Notes

No Game Note

Finance

Level 1 -- Attendance: 6500 (100.00%) -- Ticket Income $520,000.00
Level 2 -- Attendance: 5000 (100.00%) -- Ticket Income $225,000.00
Level 3 -- Attendance: 3316 (94.74%) -- Ticket Income $99,480.00
Level 4 -- Attendance: 2984 (73.39%) -- Ticket Income $44,760.00
Luxury Box -- Attendance: 1000 (100.00%) -- Ticket Income $150,000.00
Game was played at the Joe Louis Arena
Total Attendance: 18800 (93.69%)
Total Ticket Income: $1,080,948.00
Other Income: $210,640.20
Total Income: $1,291,588.00


Play by Play

Period #1

0:01 of 1st period - Ray Whitney wins face-off versus Vaclav Prospal in neutral zone.
0:13 of 1st period - Wojtek Wolski is hit by Colin White and loses puck.
0:17 of 1st period - Minor Penalty to Colin White for Hooking.
0:18 of 1st period - Nate Thompson wins face-off versus Vaclav Prospal in RedWings zone.
0:41 of 1st period - Brian Gionta is hit by Paul Martin and loses puck.
1:31 of 1st period - Off-side.
1:32 of 1st period - Nate Thompson wins face-off versus Tyler Bozak in neutral zone.
1:47 of 1st period - Shot by Wojtek Wolski.
1:47 of 1st period - Stopped by Craig Anderson without a rebound.
1:48 of 1st period - Marty Reasoner wins face-off versus Vaclav Prospal in RedWings zone.
1:59 of 1st period - Shot by Kyle Quincey.
1:59 of 1st period - Stopped by Craig Anderson without a rebound.
2:00 of 1st period - Nate Thompson wins face-off versus Tyler Bozak in RedWings zone.
2:16 of 1st period - Marty Reasoner is hit by Mike Knuble and loses puck.
2:31 of 1st period - Minor Penalty to Marcel Goc for Hooking.
2:32 of 1st period - Vaclav Prospal wins face-off versus Mike Cammalleri in Avalanche zone.
3:37 of 1st period - Icing by Brett Clark.
3:38 of 1st period - Troy Brouwer wins face-off versus Ray Whitney in RedWings zone.
5:00 of 1st period - Shot by Kyle Quincey.
5:00 of 1st period - Stopped by Craig Anderson without a rebound.
5:01 of 1st period - Vaclav Prospal wins face-off versus Nate Thompson in RedWings zone.
5:18 of 1st period - Shot by Brendan Witt.
5:18 of 1st period - Stopped by Antti Niemi with a rebound.
5:22 of 1st period - Shot by Pavol Demitra.
5:22 of 1st period - Stopped by Antti Niemi without a rebound.
5:23 of 1st period - Jean-Pierre Dumont wins face-off versus Troy Brouwer in Avalanche zone.
5:23 of 1st period - Jean-Pierre Dumont is hit by Wade Redden.
5:25 of 1st period - Shot by Brett Clark.
5:25 of 1st period - Stopped by Antti Niemi without a rebound.
5:26 of 1st period - Troy Brouwer wins face-off versus Travis Zajac in Avalanche zone.
5:26 of 1st period - Troy Brouwer is hit by Ray Whitney.
5:37 of 1st period - Troy Brouwer is hit by Colin White and loses puck.
5:54 of 1st period - T.J. Oshie is hit by Colin White and loses puck.
6:21 of 1st period - Shot by Mike Knuble.
6:21 of 1st period - Stopped by Craig Anderson without a rebound.
6:22 of 1st period - Vaclav Prospal wins face-off versus Ryan Getzlaf in RedWings zone.
7:34 of 1st period - Shot by Niclas Bergfors.
7:34 of 1st period - Shot Misses the Net.
7:42 of 1st period - Shot by Dustin Penner.
7:42 of 1st period - Shot Misses the Net.
7:50 of 1st period - Shot by Paul Martin.
7:50 of 1st period - Stopped by Antti Niemi without a rebound.
7:51 of 1st period - Travis Zajac wins face-off versus Tyler Bozak in Avalanche zone.
8:04 of 1st period - Shot by Travis Zajac.
8:04 of 1st period - Shot Misses the Net.
8:41 of 1st period - Minor Penalty to Carl Gunnarsson for Holding.
8:42 of 1st period - Marcel Goc wins face-off versus Ryan Getzlaf in Avalanche zone.
8:59 of 1st period - Shot by Ryan Getzlaf.
8:59 of 1st period - Shot Misses the Net.
9:18 of 1st period - Minor Penalty to Matt Moulson for Holding.
9:19 of 1st period - T.J. Galiardi wins face-off versus Travis Zajac in RedWings zone.
11:09 of 1st period - Shot by Mike Knuble.
11:09 of 1st period - Shot Misses the Net.
11:11 of 1st period - Shot by Carl Gunnarsson.
11:11 of 1st period - Shot Blocked by Pavol Demitra.
12:17 of 1st period - Shot by Ryan Getzlaf.
12:17 of 1st period - Stopped by Antti Niemi without a rebound.
12:18 of 1st period - Tyler Bozak wins face-off versus Ray Whitney in Avalanche zone.
12:28 of 1st period - Icing by Wade Redden.
12:29 of 1st period - Tyler Bozak wins face-off versus Travis Zajac in Avalanche zone.
13:28 of 1st period - Shot by Mike Knuble.
13:28 of 1st period - Shot Misses the Net.
13:30 of 1st period - Shot by Kevin Klein.
13:30 of 1st period - Shot Misses the Net.
13:32 of 1st period - Shot by Kevin Klein.
13:32 of 1st period - Stopped by Craig Anderson without a rebound.
13:33 of 1st period - Ryan Getzlaf wins face-off versus Vaclav Prospal in RedWings zone.
14:34 of 1st period - Shot by Brendan Witt.
14:34 of 1st period - Shot Misses the Net.
14:38 of 1st period - Shot by Niclas Bergfors.
14:38 of 1st period - Goal by Niclas Bergfors - Avalanche : 0 - RedWings : 1.
14:39 of 1st period - Nate Thompson wins face-off versus Tyler Bozak in neutral zone.
14:42 of 1st period - Shot by Pavol Demitra.
14:42 of 1st period - Shot Misses the Net.
17:07 of 1st period - Wade Redden is hit by Brendan Witt and loses puck.
17:28 of 1st period - Shot by Niclas Bergfors.
17:28 of 1st period - Shot Misses the Net.
17:40 of 1st period - Shot by Brian Gionta.
17:40 of 1st period - Deflect By Vaclav Prospal.
17:40 of 1st period - Stopped by Craig Anderson without a rebound.
17:41 of 1st period - Ryan Getzlaf wins face-off versus T.J. Galiardi in RedWings zone.
17:41 of 1st period - Ryan Getzlaf is hit by Mike Knuble.
17:42 of 1st period - Minor Penalty to Dustin Penner for Cross-checking.
17:43 of 1st period - Brian Gionta wins face-off versus Ryan Getzlaf in Avalanche zone.
18:08 of 1st period - Shot by Brian Campbell.
18:08 of 1st period - Shot Misses the Net.
18:16 of 1st period - Shot by Mike Cammalleri.
18:16 of 1st period - Shot Misses the Net.
18:22 of 1st period - Shot by Keith Yandle.
18:22 of 1st period - Stopped by Antti Niemi with a rebound.
18:26 of 1st period - Shot by Zach Parise.
18:26 of 1st period - Shot Misses the Net.
19:28 of 1st period - Shot by Mike Cammalleri.
19:28 of 1st period - Stopped by Antti Niemi with a rebound.
19:45 of 1st period - Mike Knuble is hit by Colin White and loses puck.

Period #2

0:01 of 2nd period - Vaclav Prospal wins face-off versus Travis Zajac in neutral zone.
0:06 of 2nd period - Shot by Brian Gionta.
0:06 of 2nd period - Deflect By Vaclav Prospal.
0:06 of 2nd period - Shot Misses the Net.
0:10 of 2nd period - Shot by Vaclav Prospal.
0:10 of 2nd period - Stopped by Craig Anderson without a rebound.
0:11 of 2nd period - T.J. Galiardi wins face-off versus Zach Parise in RedWings zone.
0:30 of 2nd period - Shot by Mike Knuble.
0:30 of 2nd period - Stopped by Craig Anderson with a rebound.
0:32 of 2nd period - Shot by T.J. Galiardi.
0:32 of 2nd period - Goal by T.J. Galiardi - Avalanche : 1 - RedWings : 1.
0:33 of 2nd period - Travis Zajac wins face-off versus Vaclav Prospal in neutral zone.
2:19 of 2nd period - Shot by Zach Parise.
2:19 of 2nd period - Shot Misses the Net.
2:30 of 2nd period - Kyle Quincey is hit by Brendan Witt and loses puck.
3:04 of 2nd period - Shot by Matt Moulson.
3:04 of 2nd period - Shot Misses the Net.
3:22 of 2nd period - Shot by T.J. Oshie.
3:22 of 2nd period - Stopped by Craig Anderson without a rebound.
3:23 of 2nd period - Vaclav Prospal wins face-off versus Travis Zajac in RedWings zone.
3:24 of 2nd period - Shot by Brian Gionta.
3:24 of 2nd period - Shot Misses the Net.
3:43 of 2nd period - Ray Whitney is hit by Carl Gunnarsson and loses puck.
3:48 of 2nd period - Shot by Travis Zajac.
3:48 of 2nd period - Stopped by Antti Niemi without a rebound.
3:49 of 2nd period - Tyler Bozak wins face-off versus Ryan Getzlaf in Avalanche zone.
4:09 of 2nd period - Shot by Troy Brouwer.
4:09 of 2nd period - Stopped by Craig Anderson without a rebound.
4:10 of 2nd period - Vaclav Prospal wins face-off versus Nate Thompson in RedWings zone.
4:10 of 2nd period - Vaclav Prospal is hit by Brendan Witt.
4:12 of 2nd period - Shot by Wojtek Wolski.
4:12 of 2nd period - Shot Misses the Net.
4:14 of 2nd period - Shot by Wojtek Wolski.
4:14 of 2nd period - Shot Misses the Net.
4:16 of 2nd period - Shot by Vaclav Prospal.
4:16 of 2nd period - Shot Blocked by Nate Thompson.
4:20 of 2nd period - Shot by Brian Gionta.
4:20 of 2nd period - Shot Misses the Net.
4:22 of 2nd period - Shot by Vaclav Prospal.
4:22 of 2nd period - Shot Misses the Net.
4:25 of 2nd period - Wojtek Wolski is hit by Brendan Witt and loses puck.
4:29 of 2nd period - Wojtek Wolski is hit by Brendan Witt and loses puck.
4:39 of 2nd period - Shot by Brian Gionta.
4:39 of 2nd period - Shot Misses the Net.
4:41 of 2nd period - Shot by Joe Corvo.
4:41 of 2nd period - Shot Misses the Net.
5:01 of 2nd period - Shot by T.J. Oshie.
5:01 of 2nd period - Shot Blocked by Paul Martin.
5:11 of 2nd period - Shot by T.J. Oshie.
5:11 of 2nd period - Stopped by Craig Anderson with a rebound.
5:38 of 2nd period - Joe Corvo is hit by Nate Thompson and loses puck.
5:52 of 2nd period - Todd White is hit by Brett Clark.
5:54 of 2nd period - Shot by Marcel Goc.
5:54 of 2nd period - Shot Misses the Net.
6:12 of 2nd period - Travis Zajac is hit by Joe Corvo and loses puck.
6:34 of 2nd period - Minor Penalty to Ryan Getzlaf for Hooking.
6:35 of 2nd period - Marty Reasoner wins face-off versus Dustin Penner in RedWings zone.
6:35 of 2nd period - Marty Reasoner is hit by Dustin Penner.
7:54 of 2nd period - Icing by Brian Gionta.
7:55 of 2nd period - Vaclav Prospal wins face-off versus Kris Draper in Avalanche zone.
10:12 of 2nd period - Shot by Niclas Bergfors.
10:12 of 2nd period - Stopped by Antti Niemi without a rebound.
10:13 of 2nd period - Zach Parise wins face-off versus Vaclav Prospal in Avalanche zone.
10:14 of 2nd period - Shot by Ryan Getzlaf.
10:14 of 2nd period - Shot Misses the Net.
10:16 of 2nd period - Shot by Ryan Getzlaf.
10:16 of 2nd period - Shot Misses the Net.
10:20 of 2nd period - Shot by Zach Parise.
10:20 of 2nd period - Stopped by Antti Niemi with a rebound.
10:49 of 2nd period - Icing by Carl Gunnarsson.
10:50 of 2nd period - Travis Zajac wins face-off versus Vaclav Prospal in Avalanche zone.
10:55 of 2nd period - Shot by Travis Zajac.
10:55 of 2nd period - Stopped by Antti Niemi without a rebound.
10:56 of 2nd period - Marty Reasoner wins face-off versus Tyler Bozak in Avalanche zone.
11:05 of 2nd period - Shot by Matt Moulson.
11:05 of 2nd period - Shot Blocked by Tyler Bozak.
11:09 of 2nd period - Shot by Matt Moulson.
11:09 of 2nd period - Deflect By Niclas Bergfors.
11:09 of 2nd period - Shot Misses the Net.
11:11 of 2nd period - Shot by Marty Reasoner.
11:11 of 2nd period - Shot Misses the Net.
11:12 of 2nd period - Minor Penalty to Sheldon Souray for Roughing.
11:13 of 2nd period - Travis Zajac wins face-off versus T.J. Oshie in Avalanche zone.
11:48 of 2nd period - Shot by Ray Whitney.
11:48 of 2nd period - Shot Misses the Net.
12:48 of 2nd period - Shot by Ray Whitney.
12:48 of 2nd period - Shot Misses the Net.
13:00 of 2nd period - Shot by Jean-Pierre Dumont.
13:00 of 2nd period - Shot Blocked by T.J. Oshie.
13:24 of 2nd period - Off-side.
13:25 of 2nd period - T.J. Galiardi wins face-off versus Nate Thompson in neutral zone.
14:28 of 2nd period - Icing by Brian Campbell.
14:29 of 2nd period - Tyler Bozak wins face-off versus Ryan Getzlaf in RedWings zone.
15:25 of 2nd period - Shot by Joe Corvo.
15:25 of 2nd period - Shot Misses the Net.
15:27 of 2nd period - Shot by Joe Corvo.
15:27 of 2nd period - Shot Misses the Net.
15:29 of 2nd period - Shot by Joe Corvo.
15:29 of 2nd period - Shot Misses the Net.
15:31 of 2nd period - Shot by Wojtek Wolski.
15:31 of 2nd period - Stopped by Craig Anderson without a rebound.
15:32 of 2nd period - T.J. Galiardi wins face-off versus Marty Reasoner in RedWings zone.
15:47 of 2nd period - Shot by Dustin Penner.
15:47 of 2nd period - Stopped by Craig Anderson with a rebound.
15:53 of 2nd period - Shot by Matt Moulson.
15:53 of 2nd period - Deflect By Niclas Bergfors.
15:53 of 2nd period - Shot Blocked by Kevin Klein.
17:24 of 2nd period - Minor Penalty to Zach Parise for Holding.
17:25 of 2nd period - Vaclav Prospal wins face-off versus Nate Thompson in RedWings zone.
17:26 of 2nd period - Shot by Brian Gionta.
17:26 of 2nd period - Shot Misses the Net.
17:28 of 2nd period - Shot by Sheldon Souray.
17:28 of 2nd period - Shot Blocked by Kris Draper.
17:47 of 2nd period - Shot by Marty Reasoner.
17:47 of 2nd period - Shot Misses the Net.
18:51 of 2nd period - Shot by Brian Gionta.
18:51 of 2nd period - Shot Misses the Net.
18:53 of 2nd period - Shot by Vaclav Prospal.
18:53 of 2nd period - Shot Misses the Net.
18:55 of 2nd period - Shot by Sheldon Souray.
18:55 of 2nd period - Stopped by Craig Anderson without a rebound.
18:56 of 2nd period - Tyler Bozak wins face-off versus Marty Reasoner in RedWings zone.
19:29 of 2nd period - Shot by Todd White.
19:29 of 2nd period - Stopped by Craig Anderson without a rebound.
19:30 of 2nd period - Todd White wins face-off versus Zach Parise in RedWings zone.

Period #3

0:01 of 3rd period - Travis Zajac wins face-off versus Vaclav Prospal in neutral zone.
0:03 of 3rd period - Brett Clark is hit by Carl Gunnarsson and loses puck.
0:12 of 3rd period - Shot by Wojtek Wolski.
0:12 of 3rd period - Stopped by Craig Anderson with a rebound.
0:14 of 3rd period - Shot by Carl Gunnarsson.
0:14 of 3rd period - Shot Blocked by Brett Clark.
0:16 of 3rd period - Shot by Carl Gunnarsson.
0:16 of 3rd period - Shot Misses the Net.
0:18 of 3rd period - Shot by Vaclav Prospal.
0:18 of 3rd period - Stopped by Craig Anderson without a rebound.
0:19 of 3rd period - Mike Cammalleri wins face-off versus T.J. Galiardi in RedWings zone.
0:47 of 3rd period - Minor Penalty to Ryan Getzlaf for Slashing.
0:48 of 3rd period - Tyler Bozak wins face-off versus Marty Reasoner in RedWings zone.
1:00 of 3rd period - Shot by Carl Gunnarsson.
1:00 of 3rd period - Shot Misses the Net.
1:02 of 3rd period - Shot by Carl Gunnarsson.
1:02 of 3rd period - Shot Misses the Net.
1:04 of 3rd period - Shot by Tyler Bozak.
1:04 of 3rd period - Shot Misses the Net.
1:06 of 3rd period - Shot by Wojtek Wolski.
1:06 of 3rd period - Goal by Wojtek Wolski - Avalanche : 2 - RedWings : 1.
1:07 of 3rd period - Marty Reasoner wins face-off versus Marcel Goc in neutral zone.
1:26 of 3rd period - Shot by Matt Moulson.
1:26 of 3rd period - Stopped by Antti Niemi without a rebound.
1:27 of 3rd period - Vaclav Prospal wins face-off versus Ryan Getzlaf in Avalanche zone.
1:36 of 3rd period - Shot by Brian Gionta.
1:36 of 3rd period - Stopped by Craig Anderson without a rebound.
1:37 of 3rd period - Travis Zajac wins face-off versus Troy Brouwer in RedWings zone.
1:44 of 3rd period - Wade Redden is hit by Jean-Pierre Dumont and loses puck.
1:54 of 3rd period - Travis Zajac is hit by Wade Redden and loses puck.
2:16 of 3rd period - Minor Penalty to T.J. Oshie for Hooking.
2:17 of 3rd period - Ryan Getzlaf wins face-off versus Brian Gionta in Avalanche zone.
4:05 of 3rd period - Shot by Zach Parise.
4:05 of 3rd period - Shot Misses the Net.
4:07 of 3rd period - Shot by Keith Yandle.
4:07 of 3rd period - Shot Misses the Net.
4:16 of 3rd period - Minor Penalty to Kevin Klein for Holding.
4:17 of 3rd period - Travis Zajac wins face-off versus Marcel Goc in Avalanche zone.
4:24 of 3rd period - Shot by Ray Whitney.
4:24 of 3rd period - Deflect By Jean-Pierre Dumont.
4:24 of 3rd period - Shot Blocked by Sheldon Souray.
4:26 of 3rd period - Shot by Brett Clark.
4:26 of 3rd period - Shot Misses the Net.
5:00 of 3rd period - Shot by Brian Campbell.
5:00 of 3rd period - Stopped by Antti Niemi with a rebound.
5:02 of 3rd period - Shot by Zach Parise.
5:02 of 3rd period - Stopped by Antti Niemi without a rebound.
5:03 of 3rd period - Ryan Getzlaf wins face-off versus Troy Brouwer in Avalanche zone.
6:34 of 3rd period - Icing by Pavol Demitra.
6:35 of 3rd period - Vaclav Prospal wins face-off versus Nate Thompson in RedWings zone.
6:40 of 3rd period - Shot by Vaclav Prospal.
6:40 of 3rd period - Stopped by Craig Anderson without a rebound.
6:41 of 3rd period - Marty Reasoner wins face-off versus Mike Knuble in RedWings zone.
7:52 of 3rd period - T.J. Oshie is hit by Travis Zajac and loses puck.
7:59 of 3rd period - Brett Clark is hit by T.J. Oshie and loses puck.
8:04 of 3rd period - Shot by T.J. Oshie.
8:04 of 3rd period - Stopped by Craig Anderson without a rebound.
8:05 of 3rd period - Nate Thompson wins face-off versus Vaclav Prospal in RedWings zone.
8:15 of 3rd period - Icing by Carl Gunnarsson.
8:16 of 3rd period - Vaclav Prospal wins face-off versus Ryan Getzlaf in Avalanche zone.
8:24 of 3rd period - Minor Penalty to Colin White for Holding.
8:25 of 3rd period - Tyler Bozak wins face-off versus Nate Thompson in RedWings zone.
8:50 of 3rd period - Shot by Tyler Bozak.
8:50 of 3rd period - Shot Hit the Post.
8:52 of 3rd period - Shot by Joe Corvo.
8:52 of 3rd period - Stopped by Craig Anderson without a rebound.
8:53 of 3rd period - Marty Reasoner wins face-off versus Brian Gionta in RedWings zone.
9:03 of 3rd period - Kyle Quincey is hit by Kris Draper and loses puck.
9:08 of 3rd period - Marty Reasoner is hit by Brian Gionta and loses puck.
9:13 of 3rd period - Shot by Brian Gionta.
9:13 of 3rd period - Shot Misses the Net.
9:15 of 3rd period - Shot by Brian Gionta.
9:15 of 3rd period - Deflect By Dustin Penner.
9:15 of 3rd period - Stopped by Craig Anderson without a rebound.
9:16 of 3rd period - Vaclav Prospal wins face-off versus Marty Reasoner in RedWings zone.
9:31 of 3rd period - Shot by Brian Gionta.
9:31 of 3rd period - Stopped by Craig Anderson without a rebound.
9:32 of 3rd period - Tyler Bozak wins face-off versus Nate Thompson in RedWings zone.
9:46 of 3rd period - Shot by Tyler Bozak.
9:46 of 3rd period - Stopped by Craig Anderson without a rebound.
9:47 of 3rd period - Marty Reasoner wins face-off versus Vaclav Prospal in RedWings zone.
9:47 of 3rd period - Brett Clark is hit by Vaclav Prospal and loses puck.
10:00 of 3rd period - Shot by Kyle Quincey.
10:00 of 3rd period - Shot Blocked by Zach Parise.
10:05 of 3rd period - Shot by Dustin Penner.
10:05 of 3rd period - Stopped by Craig Anderson without a rebound.
10:06 of 3rd period - Marty Reasoner wins face-off versus Tyler Bozak in RedWings zone.
11:48 of 3rd period - Shot by Mike Cammalleri.
11:48 of 3rd period - Stopped by Antti Niemi without a rebound.
11:49 of 3rd period - Marty Reasoner wins face-off versus Tyler Bozak in Avalanche zone.
12:13 of 3rd period - Shot by Marty Reasoner.
12:13 of 3rd period - Stopped by Antti Niemi without a rebound.
12:14 of 3rd period - T.J. Galiardi wins face-off versus Ryan Getzlaf in Avalanche zone.
12:31 of 3rd period - Shot by Dustin Penner.
12:31 of 3rd period - Stopped by Craig Anderson without a rebound.
12:32 of 3rd period - Nate Thompson wins face-off versus Vaclav Prospal in RedWings zone.
13:50 of 3rd period - Ryan Getzlaf is hit by Dustin Penner and loses puck.
14:13 of 3rd period - Icing by T.J. Galiardi.
14:14 of 3rd period - T.J. Galiardi wins face-off versus Travis Zajac in Avalanche zone.
14:14 of 3rd period - T.J. Galiardi is hit by Travis Zajac.
14:22 of 3rd period - Shot by Jean-Pierre Dumont.
14:22 of 3rd period - Shot Misses the Net.
14:24 of 3rd period - Shot by Brett Clark.
14:24 of 3rd period - Shot Blocked by Kyle Quincey.
14:26 of 3rd period - Shot by Brett Clark.
14:26 of 3rd period - Stopped by Antti Niemi without a rebound.
14:27 of 3rd period - Marty Reasoner wins face-off versus Tyler Bozak in Avalanche zone.
14:40 of 3rd period - Shot by Niclas Bergfors.
14:40 of 3rd period - Shot Misses the Net.
14:44 of 3rd period - Shot by Niclas Bergfors.
14:44 of 3rd period - Shot Misses the Net.
15:22 of 3rd period - Shot by Ray Whitney.
15:22 of 3rd period - Stopped by Antti Niemi without a rebound.
15:23 of 3rd period - Ryan Getzlaf wins face-off versus Vaclav Prospal in Avalanche zone.
15:24 of 3rd period - Shot by Zach Parise.
15:24 of 3rd period - Stopped by Antti Niemi without a rebound.
15:25 of 3rd period - Vaclav Prospal wins face-off versus Ryan Getzlaf in Avalanche zone.
15:25 of 3rd period - Brian Gionta is hit by Ryan Getzlaf.
15:38 of 3rd period - Wojtek Wolski is hit by Brian Campbell and loses puck.
15:56 of 3rd period - Minor Penalty to Keith Yandle for Interference.
15:57 of 3rd period - Tyler Bozak wins face-off versus Marty Reasoner in RedWings zone.
16:24 of 3rd period - Shot by Mike Knuble.
16:24 of 3rd period - Goal by Mike Knuble - Avalanche : 3 - RedWings : 1.
16:25 of 3rd period - Ryan Getzlaf wins face-off versus T.J. Galiardi in neutral zone.
17:30 of 3rd period - Shot by Ray Whitney.
17:30 of 3rd period - Stopped by Antti Niemi without a rebound.
17:31 of 3rd period - Marty Reasoner wins face-off versus T.J. Galiardi in Avalanche zone.
17:35 of 3rd period - Icing by Wade Redden.
17:36 of 3rd period - Dustin Penner wins face-off versus Nate Thompson in Avalanche zone.
17:36 of 3rd period - Dustin Penner is hit by Nate Thompson.
17:56 of 3rd period - Shot by Dustin Penner.
17:56 of 3rd period - Shot Misses the Net.
17:58 of 3rd period - Shot by T.J. Galiardi.
17:58 of 3rd period - Stopped by Craig Anderson without a rebound.
17:59 of 3rd period - Vaclav Prospal wins face-off versus Ryan Getzlaf in RedWings zone.
18:02 of 3rd period - Shot by Troy Brouwer.
18:02 of 3rd period - Stopped by Craig Anderson without a rebound.
18:03 of 3rd period - Vaclav Prospal wins face-off versus Ryan Getzlaf in RedWings zone.
18:06 of 3rd period - Shot by Brian Gionta.
18:06 of 3rd period - Shot Blocked by Keith Yandle.
18:31 of 3rd period - Vaclav Prospal is hit by Brian Campbell and loses puck.
18:57 of 3rd period - Icing by Matt Moulson.
18:58 of 3rd period - Marty Reasoner wins face-off versus T.J. Galiardi in RedWings zone.
19:21 of 3rd period - Shot by Dustin Penner.
19:21 of 3rd period - Deflect By Mike Knuble.
19:21 of 3rd period - Shot Misses the Net.
19:23 of 3rd period - Shot by Dustin Penner.
19:23 of 3rd period - Stopped by Craig Anderson without a rebound.
19:24 of 3rd period - Vaclav Prospal wins face-off versus Zach Parise in RedWings zone.
19:38 of 3rd period - Icing by Kyle Quincey.
19:39 of 3rd period - Zach Parise wins face-off versus Vaclav Prospal in Avalanche zone.
19:54 of 3rd period - Shot by Mike Cammalleri.
19:54 of 3rd period - Stopped by Antti Niemi without a rebound.
19:55 of 3rd period - Travis Zajac wins face-off versus Mike Knuble in Avalanche zone.


Output by the SimonT Hockey Simulator (STHS) for Stephane Roy -- Original Page W3C XHTML 1.0 Valid